 Dungeon Crawl Stone Soup version 0.28.0-53-g5a82cb258f (webtiles) character file.

Game seed: 4017799058850753727

1517 safid the Cleaver (level 8, -5/66 HPs)
             Began as a Hill Orc Fighter on Aug 2, 2022.
             Was a Priest of the Shining One.
             Slain by an ogre
             ... wielding a +0 giant club
              (15 damage)
             ... on level 6 of the Dungeon.
             The game lasted 00:05:53 (5386 turns).

safid the Cleaver (Hill Orc Fighter)                Turns: 5386, Time: 00:05:53

Health: -5/66      AC: 13    Str: 21    XL:     8   Next: 83%
Magic:  8/8        EV:  9    Int:  8    God:    the Shining One [***...]
Gold:   235        SH:  4    Dex: 10    Spells: 7/7 levels left

rFire   . . .      SeeInvis +   t - +0 broad axe
rCold   . . .      Faith    .   c - +0 buckler
rNeg    + . .      Spirit   .   b - +0 scale mail
rPois   .          Reflect  .   u - +0 helmet
rElec   .          Harm     .   (no cloak)
rCorr   .          Rampage  .   (no gloves)
Will    .....                   i - +0 pair of boots
Stlth   ..........              (no amulet)
HPRegen 0.21/turn               n - ring of see invisible
MPRegen 0.11/turn               w - +4 ring of protection

@: glowing
A: no striking features
a: Renounce Religion, Divine Shield, Cleansing Flame


You were on level 6 of the Dungeon.
You worshipped the Shining One.
The Shining One was most pleased with you.
You visited 1 branch of the dungeon, and saw 6 of its levels.

You collected 235 gold pieces.

Inventory:

Hand Weapons
 t - a +0 broad axe (weapon)
Missiles
 q - 6 poisoned darts (quivered)
Armour
 b - a +0 scale mail (worn)
 c - a +0 buckler (worn)
 i - a +0 pair of boots (worn)
 u - a +0 helmet (worn)
Jewellery
 a - a +4 ring of protection
 n - a ring of see invisible (left hand)
 w - a +4 ring of protection (right hand)
 y - a ring of wizardry
Scrolls
 d - 2 scrolls of teleportation {unknown}
 e - 8 scrolls of identify {unknown}
 f - a scroll of enchant armour {unknown}
 h - 2 scrolls of fog {unknown}
 s - 2 scrolls of immolation {unknown}
 v - a scroll of amnesia {unknown}
Potions
 g - 2 potions of heal wounds {unknown}
 j - a potion of flight {unknown}
 k - a potion of degeneration {unknown}
 l - 2 potions of lignification {unknown}
 m - a potion of brilliance {unknown}
 o - a potion of mutation {unknown}
 p - a potion of curing {unknown}
 r - a potion of cancellation {unknown}
 x - a potion of might


   Skills:
 - Level 4.0 Fighting
 + Level 13.4 Axes
 - Level 4.0 Armour
 - Level 4.0 Shields


You had 7 spell levels left.
You didn't know any spells.
Your spell library contained the following spells:

 Spells                   Type           Power      Damage    Failure   Level
 Apportation              Tloc           0%         N/A       83%         1
 Blink                    Tloc           0%         N/A       92%         2
 Lesser Beckoning         Tloc           0%         N/A       99%         3
 Mephitic Cloud           Conj/Pois/Air  0%         N/A       99%         3
 Animate Armour           Summ/Erth      0%         N/A       100%        4
 Alistair's Intoxication  Tmut/Pois      0%         N/A       100%        5
 Lightning Bolt           Conj/Air       0%         1d11      100%        5
 Manifold Assault         Tloc           0%         N/A       100%        5
 Malign Gateway           Summ/Tloc      0%         N/A       100%        7


Dungeon Overview and Level Annotations

Branches:
Dungeon (6/15)             Temple (0/1) D:4

Altars:
Gozag
The Shining One

Shops:
D:1 ?


Message History

You hit Dowan.
Dowan is lightly wounded.
You block Dowan's attack. Dowan hits you with a +3 dagger.
You hit Dowan.
Dowan is moderately wounded.
Dowan hits you but does no damage.
You slash Dowan!
Dowan is heavily wounded.
Dowan casts a spell at you. The shard of ice hits you! Dowan barely misses you.
You closely miss Dowan.
Dowan is heavily wounded.
Dowan hits you with a +3 dagger!
An ogre comes into view. It is wielding a +0 giant club.
You slash Dowan!
You kill Dowan!
You see here a +0 robe.
The ogre hits you with a +0 giant club.
You completely miss the ogre. The ogre hits you with a +0 giant club!
You are too injured to fight recklessly!
You are too injured to fight recklessly!
You are too injured to fight recklessly!
You are too injured to fight recklessly!
You are too injured to fight recklessly!
You are too injured to fight recklessly!
You are too injured to fight recklessly!
You are too injured to fight recklessly!
You are too injured to fight recklessly!
Unknown command.
You hit the ogre but do no damage. You hit the ogre but do no damage.
The ogre hits you with a +0 giant club.
* * * LOW HITPOINT WARNING * * *
You hit the ogre.
The ogre is lightly wounded.
The ogre hits you with a +0 giant club!
* * * LOW HITPOINT WARNING * * *
You slice the ogre!!
The ogre is almost dead.
The ogre hits you with a +0 giant club!
You die...

#.##.##..#..#
#........##.#
####.....##.#
#.######.# #. #.#
.. #.# #### . ...
#.# ....#
###..##.####.....#
......O@[..).....#
###..#...###......
#.......# ....#
....#...## ##.#
.....##.## # ####
#.# #.# #'#


You could see an ogre.

Vanquished Creatures
  Sigmund (D:3)
  Duvessa (D:6)
  2 sky beasts (D:5)
  A necrophage (D:5)
  3 ogres
  A centaur (D:5)
  2 scorpions (D:6)
  Dowan (D:6)
  A vampire bat (D:3)
  2 hounds
  A bullfrog zombie (D:6)
  An orc priest (D:4)
  A jelly (D:4)
  A bullfrog skeleton (D:6)
  2 iguanas (D:5)
  Robin (D:4)
  3 adders (D:3)
  2 worms
  4 dart slugs (D:4)
  3 fire bats (D:3)
  2 orcs (D:3)
  2 spectral bats (D:3)
  5 ball pythons
  14 bats
  3 bat skeletons (D:3)
  A bat zombie (D:3)
  9 endoplasms
  6 giant cockroaches
  13 goblins
  9 hobgoblins
  10 kobolds
  3 quokkas
  A bat simulacrum (D:3)
  10 frilled lizards
  3 rats
125 creatures vanquished.

Notes
Turn   | Place    | Note
-------+----------+-------------------------------------------
     0 | D:1      | safid the Hill Orc Fighter began the quest for the Orb.
     0 | D:1      | Reached XP level 1. HP: 19/19 MP: 1/1
   408 | D:1      | Found Uxafady's Magic Scroll Shop.
   415 | D:1      | Reached skill level 3 in Axes
   415 | D:1      | Reached XP level 2. HP: 24/27 MP: 2/2
   605 | D:1      | Found a faded altar of an unknown god.
   612 | D:1      | Prayed at the altar of an unknown god.
   612 | D:1      | Became a worshipper of the Shining One
   612 | D:1      | Reached * piety under the Shining One
  1064 | D:1      | Reached XP level 3. HP: 33/33 MP: 3/3
  2242 | D:3      | Reached XP level 4. HP: 40/40 MP: 4/4
  2314 | D:3      | Reached skill level 4 in Axes
  2337 | D:3      | Noticed Sigmund
  2349 | D:3      | Killed Sigmund
  2350 | D:3      | Reached skill level 6 in Axes
  2350 | D:3      | Reached XP level 5. HP: 36/46 MP: 5/5
  2350 | D:3      | Reached XP level 6. HP: 40/52 MP: 6/6
  2587 | D:3      | Reached skill level 7 in Axes
  2850 | D:3      | Reached ** piety under the Shining One
  2936 | D:3      | Reached skill level 8 in Axes
  3230 | D:4      | Found a staircase to the Ecumenical Temple.
  3247 | D:4      | Reached XP level 7. HP: 57/59 MP: 7/7
  3433 | D:4      | Got the Collected Works on Illusion and Confrontation
  3447 | D:4      | Noticed Robin
  3452 | D:4      | Reached skill level 9 in Axes
  3463 | D:4      | Killed Robin
  3977 | D:5      | Entered Level 5 of the Dungeon
  4325 | D:5      | Reached skill level 10 in Axes
  4492 | D:5      | Reached skill level 11 in Axes
  4492 | D:5      | Reached XP level 8. HP: 63/66 MP: 8/8
  4761 | D:5      | Reached skill level 12 in Axes
  5050 | D:6      | Reached *** piety under the Shining One
  5089 | D:6      | Found an opulent altar of Gozag.
  5367 | D:6      | Noticed Duvessa
  5367 | D:6      | Noticed Dowan
  5373 | D:6      | Killed Duvessa
  5374 | D:6      | Reached skill level 13 in Axes
  5378 | D:6      | Killed Dowan
  5386 | D:6      | Slain by an ogre

Illustrated notes

Levels and vault maps discovered:
D:1:      nicolae_arrival_memento_mori, layout_loops_cross, serial_shops,
          nicolae_shop_stone, ebering_ecumenical_altar_box
D:2:      layout_loops_corners, minmay_misc_feat_alley,
          chequers_decorated_corner, chequers_mini_garden, minmay_nonomino_d4
D:3:      layout_rooms, minivault_27, minmay_tree_intersection, goddamned_bats,
          uniq_sigmund
D:4:      minmay_evil_eye, layout_basic, minmay_temple_entry_proselytizer,
          uniq_robin
D:5:      layout_loops_ring, corner_web_ring
D:6:      layout_loops_corners, nicolae_overflow_crystal_walls, serial_shops,
          nicolae_inconvenience_store, serial_bayou_crossing, uniq_grinder,
          uniq_menkaure, uniq_duvessa

Skill      XL: |  1  2  3  4  5  6  7  8 |
---------------+-------------------------+-----
Axes           | 3 6 8 11 13 | 13.4
Fighting       | 4 |  4.0
Armour         | 4 |  4.0
Shields        | 4 |  4.0

Action                   |  1- 3 |  4- 6 |  7- 9 || total
-------------------------+-------+-------+-------++-------
Melee: War axe           |    90 |    81 |    67 ||   238
       Broad axe         |       |       |    42 ||    42
  Use: Potion            |       |     1 |       ||     1
Armor: Scale mail        |    33 |    56 |    37 ||   126
Dodge: Dodged            |    28 |    53 |    31 ||   112
Block: Buckler           |    19 |    23 |    13 ||    55
